 Dungeon Crawl Stone Soup version 0.32-a0-834-geaf45d8e21 (webtiles) character file.

Game seed: 16503300912815256799

224 AstroCodex24 the Chopper (level 5, -2/41 HPs)
             Began as a Vampire Fighter on Mar 26, 2024.
             Succumbed to a scorpion's poison
             ... on level 4 of the Dungeon.
             The game lasted 00:03:10 (611 turns).

AstroCodex24 the Chopper (Vampire Fighter)           Turns: 611, Time: 00:03:10

Health: -2/41      AC:  6    Str: 17    XL:     5   Next: 67%
Magic:  5/5        EV:  8    Int: 10    God:
Gold:   55         SH:  4    Dex: 14    Spells: 4/4 levels left

rFire   . . .        a - +0 war axe
rCold   . . .        c - +0 buckler
rNeg    . . .        b - +0 scale mail
rPois   .            (no helmet)
rElec   .            (no cloak)
rCorr   .            (no gloves)
SInv    +            (no boots)
Will    .....        (no amulet) Stlth
                     (no ring)
HPRegen 0.46/turn    (no ring)
MPRegen 0.09/turn

%: no passive effects
@: mighty, lethally poisoned (-2 -> -19), healing quickly, invisible
A: alive, fangs 3, see invisible, vampiric 2
a: Exsanguinate


You were on level 4 of the Dungeon.
You visited 1 branch of the dungeon, and saw 4 of its levels.

You collected 55 gold pieces.

Inventory:

Hand Weapons
 a - a +0 war axe (weapon)
Armour
 b - a +0 scale mail (worn)
 c - a +0 buckler (worn)
Jewellery
 g - an amulet of faith
Scrolls
 e - 3 scrolls of identify {unknown}
 i - a scroll of fog {unknown}


   Skills:
 + Level 3.5 Fighting
 + Level 3.6 Axes
 + Level 3.4 Armour
 + Level 0.4 Dodging
 + Level 3.2 Shields


You had 4 spell levels left.
You didn't know any spells.
Your spell library was empty.

Dungeon Overview and Level Annotations

Branches:
Dungeon (5/15)             Temple (0/1) D:5

Altars:
Makhleb


Innate Abilities, Weirdness & Mutations

Your natural rate of healing is accelerated.
You have razor-sharp teeth.
You have supernaturally acute eyesight. (SInv)
You are afflicted with vampirism and can become a bat while bloodless.


Message History

The scorpion stings you.
* * * LOW HITPOINT WARNING * * *
You are poisoned.
The scorpion poisons you!
You closely miss the scorpion.
The scorpion is heavily wounded.
You feel very sick. The scorpion stings you.
* * * LOW HITPOINT WARNING * * *
You are lethally poisoned!
The scorpion poisons you! You block the scorpion's attack.
You feel better. The scorpion stings you.
* * * LOW HITPOINT WARNING * * *
You hit the scorpion.
The scorpion is severely wounded.
The scorpion stings you.
* * * LOW HITPOINT WARNING * * *
The scorpion stings you.
* * * LOW HITPOINT WARNING * * *
Okay, then.
You hit the scorpion. Your bite misses the scorpion.
The scorpion is almost dead.
The scorpion stings you.
* * * LOW HITPOINT WARNING * * *
You are lethally poisoned!
The scorpion poisons you!
You feel better. The scorpion stings you.
You are poisoned.
The scorpion poisons you! The scorpion stings you.
* * * LOW HITPOINT WARNING * * *
You feel very mighty all of a sudden.
* * * LOW HITPOINT WARNING * * *
You feel very sick. The scorpion stings you.
* * * LOW HITPOINT WARNING * * *
You are more poisoned.
The scorpion poisons you!
It was a potion of invisibility.
You fade into invisibility!
You die...

# # ###### # #....#
###.##.#############
.......>.......s@..#
....##..##########.#
##......# #.#
.....##.# #.#
.....##.# #.#
.....##(# #.#
.....##.# #.#
.....##.# #.#
.....##.#


You could see a scorpion (unable to see you).

Vanquished Creatures
  A sky beast (D:5)
  A howler monkey (D:5)
  Jessica (D:2)
  An iguana (D:5)
  2 gnolls (D:4)
  An adder (D:5)
  A dart slug (D:2)
  3 orcs (D:4)
  2 ball pythons
  3 hobgoblins
  2 kobolds (D:2)
  A bat (D:1)
  3 rats (D:2)
22 creatures vanquished.

Notes
Turn   | Place    | Note
-------+----------+-------------------------------------------
     0 | D:1      | AstroCodex24 the Vampire Fighter began the quest for the
                  | Orb.
     0 | D:1      | Reached XP level 1. HP: 17/17 MP: 1/1
    68 | D:2      | Reached XP level 2. HP: 23/23 MP: 2/2
   104 | D:2      | Noticed Jessica
   119 | D:2      | Killed Jessica
   120 | D:2      | Gained mutation: You are afflicted with vampirism and can
                  | become a bat while bloodless. [Vampire growth]
   120 | D:2      | Reached XP level 3. HP: 4/29 MP: 3/3
   346 | D:2      | You fall into a shaft and drop 2 floors!
   384 | D:5      | Entered Level 5 of the Dungeon
   386 | D:5      | Found a staircase to the Ecumenical Temple.
   424 | D:5      | Noticed a sky beast
   434 | D:5      | Killed a sky beast
   435 | D:5      | Reached XP level 4. HP: 23/35 MP: 4/4
   435 | D:5      | Reached XP level 5. HP: 27/41 MP: 5/5
   439 | D:5      | Found a burning altar of Makhleb.
   462 | D:5      | Noticed a centaur
   611 | D:4      | Succumbed to a scorpion's poison

Illustrated notes

Levels and vault maps discovered:
D:1:      lemuel_arrival_hallway, layout_basic, minmay_misc_feat_nine_boxes
D:2:      minmay_thinvault, layout_loops_cross, kennysheep_doodads,
          minivault_27, uniq_jessica
D:4:      layout_basic, serial_glass, glass_columns_a, glass_columns_a
D:5:      layout_cave_pools, nemelex_spade_bored_becter, elyvilon_altar_5,
          mainiacjoe_overflow_catwalk, minmay_temple_entry_trees,
          kennysheep_nondescript, nicolae_wooded_promenade

Skill      XL: |  1  2  3 |
---------------+----------+-----
Fighting       | 3 |  3.5
Axes           | 2 3 |  3.6
Shields        | 3 |  3.2
Armour         | 3 |  3.4
Dodging        | |  0.4

Action                     |  1- 3 |  4- 6 || total
---------------------------+-------+-------++-------
  Melee: War axe           |    39 |    23 ||    62
         Bite              |     6 |     3 ||     9
    Use: Potion            |       |     5 ||     5
 Armour: Scale mail        |    38 |    44 ||    82
  Dodge: Dodged            |    22 |    23 ||    45
  Block: Buckler           |     6 |     7 ||    13

Table legend: (Time is in decaauts)
 A = Elapsed time spent in this place.
 B = Non-inter-level travel time spent in this place.
 C = Inter-level travel time spent in this place.
 D = Time resting spent in this place.
 E = Time spent auto-exploring this place.
 F = Levels seen in this place.
 G = Mean time per level.
                   A        B        C        D        E       F      G
               +--------+--------+--------+--------+--------+-----+--------+
         Total |    636 |    630 |      6 |      0 |      0 |   4 |  159.0 |
       Dungeon |    636 |    630 |      6 |      0 |      0 |   4 |  159.0 |
               +--------+--------+--------+--------+--------+-----+--------+

Top non-repeatable levels by time:
     D:2: 324 daAuts
     D:4: 174 daAuts
     D:5: 103 daAuts
     D:1: 33 daAuts
